AoeStats
← MayaKm

Black Forest

504359525Analyzed
2v2 RM · 27d ago on Sep 5, 2026· 57m 26s· 4 players
Game mode
Random Map
Map size
Medium (4 player)
Population
200
Speed
Normal
Resources
Standard
Victory
Conquest
Starting age
Dark Age
Ending age
Imperial Age
RankedLock teamsTeams togetherTeam positionsShared explorationLock speedFull tech treeHidden civsTurbo modeCheats
Victory
Defeat
🇨🇳 Burgundians · China
867
+18
🇨🇦 Romans · Canada
852
+18
🇨🇴 Huns · Colombia
902
-51
🇨🇴 Romans · Colombia
896
-51
板蓝根
4:51 Loom
13:27 Feudal Age
14:51 Wheelbarrow
14:43 Double-Bit Axe
18:24 Hand Cart
18:32 Bow Saw
18:47 Caravan
22:08 Gold Mining
25:23 Gold Shaft Mining
27:00 Castle Age
26:08 Stone Mining
26:28 Town Watch
27:02 Fletching
27:18 Scale Mail Armor
27:28 Forging
27:19 Padded Archer Armor
27:24 Scale Barding Armor
30:44 Two-Man Saw
29:31 Crossbowman
30:54 Stone Shaft Mining
32:06 Crossbowman
33:57 Fortified Wall
36:51 Imperial Age
34:11 Pikeman
34:51 Squires
37:55 Bodkin Arrow
37:34 Halberdier
39:01 Elite Coustillier
40:48 Town Patrol
42:26 Chemistry
42:31 Bracer
43:07 Leather Archer Armor
44:13 Light Cavalry
47:24 Hoardings
48:37 Chain Barding Armor
48:32 Chain Mail Armor
47:54 Elite Skirmisher
52:49 Capped Ram
52:52 Onager
Neveryellow
0:26 Loom
14:05 Feudal Age
18:05 Castle Age
16:30 Horse Collar
16:38 Double-Bit Axe
22:20 Bow Saw
25:06 Wheelbarrow
26:34 Heavy Plow
27:30 Hand Cart
27:29 Gold Mining
27:29 Stone Mining
30:06 Gold Shaft Mining
33:16 Imperial Age
32:06 Caravan
34:05 Heavy Scorpion
35:12 Ballistics
34:58 Siege Engineers
35:45 Ballistas
37:07 Chemistry
36:03 Town Watch
37:25 Forging
37:15 Scale Mail Armor
39:41 Elite Centurion
40:43 Conscription
40:45 Comitatenses
41:04 Iron Casting
40:34 Scale Barding Armor
44:24 Blast Furnace
43:44 Chain Barding Armor
47:33 Fletching
48:51 Bodkin Arrow
51:06 Plate Barding Armor
56:59 Spies/Treason
MayaKm
13:25 Feudal Age
16:34 Wheelbarrow
21:12 Double-Bit Axe
24:32 Castle Age
27:20 Caravan
27:39 Hand Cart
27:15 Gold Mining
32:40 Forging
32:51 Forging
33:48 Marauders
33:51 Horse Collar
34:22 Scale Barding Armor
37:24 Imperial Age
35:28 Bow Saw
38:04 Iron Casting
37:57 Careening
37:45 Murder Holes
41:02 Marauders
47:19 Marauders
ITZKANO69
4:31 Loom
17:15 Feudal Age
18:33 Wheelbarrow
17:44 Town Watch
18:32 Man-at-Arms
29:35 Castle Age
29:49 Padded Archer Armor
29:40 Fletching
30:18 Bloodlines
32:07 Crossbowman
32:51 Husbandry
32:16 Long Swordsman
32:59 Squires
33:25 Leather Archer Armor
33:05 Bodkin Arrow
34:45 Hand Cart
34:49 Gold Mining
35:25 Stone Mining
36:03 Town Patrol
36:47 Double-Bit Axe
42:05 Bow Saw
42:33 Gold Shaft Mining
43:28 Ballistics
43:24 Masonry
43:37 Fortified Wall
44:49 Forging
44:39 Scale Mail Armor
44:45 Scale Barding Armor
48:10 Imperial Age
47:30 Chain Barding Armor
47:25 Chain Mail Armor
47:46 Iron Casting
52:05 Chemistry
51:02 Murder Holes
51:39 Ring Archer Armor
51:45 Plate Barding Armor
Connection lost

Rejoining the realm…

Still unreachable

The connection could not be restored.

Session expired

The server has moved on; the page needs a fresh start.